 Seeded DCSS version 0.27.1-1-g398f81649c (webtiles) character file.

Game seed: 11091976008765326960 (custom seed)

110 a11behringer the Slasher (level 4, -6/39 HPs)
             Began as a Minotaur Fighter on Sept 7, 2021.
             Was a Believer of Zin.
             Killed from afar by Natasha (11 damage)
             ... with a magic dart
             ... on level 3 of the Dungeon.
             The game lasted 00:10:18 (2441 turns).

a11behringer the Slasher (Minotaur Fighter)         Turns: 2441, Time: 00:10:18

Health: -6/39      AC:  0    Str: 21    XL:     4   Next: 61%
Magic:  3/3        EV: 13    Int:  5    God:    Zin [**....]
Gold:   99         SH:  0    Dex: 10    Spells: 3/3 levels left

rFire    . . .     SeeInvis .   (weapon currently unavailable)
rCold    . . .     Faith    .   (shield currently unavailable)
rNeg     . . .     Spirit   .   (armour currently unavailable)
rPois    .         Reflect  .   (helmet currently unavailable)
rElec    .         Harm     .   (cloak currently unavailable)
rCorr    .         Rampage  .   (gloves currently unavailable)
Will     .....                  (boots currently unavailable)
Stlth    +.........             (no amulet)
HPRegen  0.13/turn              (ring currently unavailable)
MPRegen  0.08/turn              (ring currently unavailable)

@: pig-form (expiring), very quick
A: fast, no casting, small, (horns 2), (retaliatory headbutt)
a: Renounce Religion, Recite, Vitalisation, Donate Gold


You were on level 3 of the Dungeon.
You worshipped Zin.
Zin was pleased with you.
You were a filthy swine.
You visited 1 branch of the dungeon, and saw 3 of its levels.

You collected 109 gold pieces.
You donated 10 gold pieces to Zin.

Inventory:

Hand Weapons
 a - a +0 long sword (melded)
Armour
 b - a +0 scale mail
 c - a +0 kite shield (melded)
 f - a +2 cloak (melded)
 o - a +0 chain mail (melded)
Scrolls
 e - a scroll of teleportation {unknown}
 i - a scroll of noise {unknown}
 l - 4 scrolls of immolation {unknown}
 m - 2 scrolls of identify
 p - a scroll of vulnerability {unknown}
Potions
 d - a potion of might
 g - a potion of curing {unknown}
 h - a potion of lignification {unknown}
 j - a potion of heal wounds {unknown}
 k - a potion of invisibility
 n - 2 potions of degeneration {unknown}
 q - a potion of ambrosia {unknown}


   Skills:
 - Level 3.6 Fighting
 * Level 5.7 Long Blades
 - Level 3.6 Armour
 - Level 1.0 Dodging
 - Level 3.6 Shields


You had 3 spell levels left.
You didn't know any spells.
Your spell library was empty.

Dungeon Overview and Level Annotations

Branches:
Dungeon (3/15)

Altars:
Uskayaw
Zin

Annotations:
D:3 Natasha


Innate Abilities, Weirdness & Mutations

You are a filthy swine.
You move quickly.
Your equipment is almost entirely melded.
You are incapable of wielding weapons or throwing items.
You cannot cast spells.
((You have a pair of horns on your head.))
((You reflexively headbutt those who attack you in melee.))


Message History

You kill the hobgoblin!
Natasha howls an incantation.
You feel disoriented.
Natasha zaps a wand.
You resist with some effort.
Natasha zaps a wand.
You turn into a filthy swine.
Your +0 long sword melds into your body.
Your +2 cloak melds into your body.
Your +0 kite shield melds into your body.
Your +0 chain mail melds into your body.
You see here a hobgoblin corpse.
You closely miss Natasha.
Natasha zaps a wand.
You closely miss Natasha.
Natasha stares at you and mumbles some strange words.
The magic dart hits you!
You hit Natasha.
Natasha is moderately wounded.
Natasha claws you!
You hit Natasha but do no damage.
Natasha is moderately wounded.
Natasha barely misses you.
You hit Natasha.
Natasha is heavily wounded.
Natasha claws you!
You hit Natasha.
Natasha is severely wounded.
Natasha claws you!
* * * LOW HITPOINT WARNING * * *
You closely miss Natasha.
Natasha is severely wounded.
Natasha claws you.
* * * LOW HITPOINT WARNING * * *
You hit Natasha but do no damage.
Natasha is severely wounded.
Your transformation is almost over.
Natasha zaps a wand.
You hit Natasha.
Natasha is almost dead.
Natasha stares at you and mumbles some strange words.
The magic dart hits you!
You die... ..............####..#####..... ā‰ˆ..##.....###### #..#####.....
Pā‰ˆ

#.#####
#.........<##
P #.
##.#########
#. #.# #. #.#
#.#
########.#
#hh......#
#.########
#.# ....g...#
...h..###
P...## P.. P.


P You could see Natasha.

Vanquished Creatures
  Jessica (D:3)
  Terence (D:2)
  3 gnolls (D:2)
  5 bats
  5 endoplasms
  2 goblins
  5 hobgoblins
  A kobold (D:1)
  A quokka (D:1)
  3 ball pythons
  2 frilled lizards (D:1)
  A rat (D:2)
30 creatures vanquished.

Notes
Turn   | Place    | Note
-------+----------+-------------------------------------------
     0 | D:1      | a11behringer the Minotaur Fighter began the quest for the
                  | Orb.
     0 | D:1      | Reached XP level 1. HP: 19/19 MP: 0/0
   167 | D:1      | Reached skill level 3 in Long Blades
   317 | D:1      | Reached XP level 2. HP: 26/26 MP: 1/1
   880 | D:1      | Reached skill level 4 in Long Blades
   934 | D:1      | Found a faded altar of an unknown god.
   937 | D:1      | Became a worshipper of Zin the Law-Giver
   937 | D:1      | Reached * piety under Zin
  1180 | D:2      | You fall into a shaft and drop 1 floor!
  1180 | D:3      | Noticed Jessica
  1180 | D:3      | Found a hide-covered altar of Uskayaw.
  1190 | D:3      | Killed Jessica
  1191 | D:3      | Reached XP level 3. HP: 16/31 MP: 2/2
  1212 | D:3      | Reached ** piety under Zin
  1406 | D:2      | Noticed Terence
  1414 | D:2      | Killed Terence
  1415 | D:2      | Reached skill level 5 in Long Blades
  1415 | D:2      | Reached skill level 1 in Dodging
  1415 | D:2      | Reached XP level 4. HP: 36/39 MP: 3/3
  2423 | D:3      | Noticed Natasha
  2441 | D:3      | Killed from afar by Natasha

Illustrated notes

Levels and vault maps discovered:
D:1:      co_arrival_random_square_maze, layout_loops_corners,
          shapermc_ecumenical_altar_mp_vishouse, hangedman_decor_lopped
D:2:      layout_loops_cross, hex_tiny, minmay_tromino_v4_c, uniq_terence
D:3:      layout_loops_ring, nicolae_overflow_hidden_temple,
          amcnicky_altar_gilded, serial_bayou_lagoon_a, uniq_jessica,
          uniq_natasha

Skill      XL: |  1  2  3 |
---------------+----------+-----
Long Blades    | 3 4 5 |  5.7
Dodging        | 1 |  1.0
Fighting       | |  3.6
Armour         | |  3.6
Shields        | |  3.6

Action                   |  1- 3 |  4- 6 || total
-------------------------+-------+-------++-------
Melee: Long sword        |    50 |    16 ||    66
       Headbutt          |    10 |     3 ||    13
       Unarmed           |       |     9 ||     9
  Use: Scroll            |     1 |       ||     1
Armor: Scale mail        |    25 |       ||    25
       Chain mail        |       |     6 ||     6
Dodge: Dodged            |    18 |     6 ||    24
Block: Kite shield       |    32 |    11 ||    43
       Rpst.: Long sword |     5 |       ||     5
